AoeStats
← NPG | FishCL

Lombardia

508054557Analyzed
4v4 RM · 13d ago on Sep 20, 2026· 54m 1s· 8 players
Game mode
Random Map
Map size
Large (8 player)
Population
200
Speed
Normal
Resources
Standard
Victory
Conquest
Starting age
Dark Age
Ending age
Imperial Age
RankedLock teamsTeams togetherTeam positionsShared explorationLock speedFull tech treeHidden civsTurbo modeCheats
Victory
Defeat
🇨🇳 Mongols · China
1634
+9
🇧🇷 Saracens · Brazil
1618
+10
🇨🇱 Franks · Chile
1540
+13
🇨🇱 Italians · Chile
1534
+13
🇦🇷 Sicilians · Argentina
1563
-16
🇷🇴 Saracens · Romania
1476
-11
🇬🇧 Ethiopians · United Kingdom
1444
-10
🇷🇴 Khmer · Romania
1387
-8
AiM | PoRRo
6:26 Loom
10:15 Feudal Age
11:02 Double-Bit Axe
14:41 Forging
16:05 Scale Barding Armor
20:31 Castle Age
19:59 Gold Mining
21:39 Chain Barding Armor
21:40 Husbandry
26:02 Wheelbarrow
27:19 Town Watch
31:30 Hand Cart
32:57 Iron Casting
36:24 Bow Saw
39:42 Imperial Age
39:19 Gold Shaft Mining
40:24 Caravan
40:15 Cavalier
41:34 Plate Barding Armor
42:00 Blast Furnace
41:47 Paladin
45:59 Conscription
48:32 Chivalry
49:06 Light Cavalry
Sorrateiro
7:39 Loom
10:04 Feudal Age
10:55 Double-Bit Axe
11:39 Horse Collar
12:38 Wheelbarrow
11:55 Gold Mining
15:38 Town Watch
19:17 Castle Age
18:18 Fletching
19:14 Padded Archer Armor
19:19 Crossbowman
20:32 Bodkin Arrow
21:13 Bow Saw
26:06 Ballistics
35:22 Imperial Age
35:18 Scale Barding Armor
35:23 Forging
35:14 Caravan
36:10 Hand Cart
36:58 Conscription
37:02 Chain Barding Armor
37:44 Two-Man Saw
37:30 Heavy Plow
38:32 Gold Shaft Mining
37:48 Stone Mining
38:11 Bloodlines
38:03 Husbandry
37:24 Elite Mameluke
39:09 Coinage
40:55 Plate Barding Armor
39:49 Light Cavalry
40:48 Onager
41:42 Fortified Wall
41:43 Masonry
41:14 Treadmill Crane
42:59 Iron Casting
42:07 Siege Onager
43:39 Siege Engineers
46:37 Chemistry
47:31 Banking
48:14 Town Patrol
Bz_
5:51 Loom
8:47 Feudal Age
9:22 Double-Bit Axe
13:01 Horse Collar
20:56 Castle Age
19:38 Gold Mining
22:04 Bow Saw
22:54 Heavy Plow
24:06 Gold Shaft Mining
24:12 Wheelbarrow
24:11 Fletching
25:13 Bodkin Arrow
26:02 Bloodlines
27:24 Hand Cart
32:44 Ballistics
36:11 Imperial Age
34:44 Padded Archer Armor
35:56 Leather Archer Armor
37:16 Conscription
36:59 Bracer
38:04 Chemistry
36:37 Elite Mangudai
37:46 Parthian Tactics
37:28 Thumb Ring
38:00 Husbandry
37:46 Capped Ram
39:07 Drill
38:39 Siege Ram
41:38 Caravan
42:14 Onager
43:37 Siege Onager
45:54 Scale Barding Armor
NPG | FishCL
8:30 Loom
10:15 Feudal Age
14:21 Castle Age
12:59 Double-Bit Axe
13:11 Stone Mining
15:16 Horse Collar
16:05 Fletching
26:18 Wheelbarrow
26:00 Bow Saw
26:30 Wheelbarrow
31:47 Imperial Age
29:19 Gold Mining
31:47 Hand Cart
34:01 Chemistry
33:44 Town Watch
34:33 Masonry
36:09 Bodkin Arrow
36:16 Padded Archer Armor
37:08 Thumb Ring
37:28 Ballistics
38:11 Stone Shaft Mining
37:52 Bracer
39:08 Conscription
38:10 Elite Genoese Crossbowman
39:07 Leather Archer Armor
39:11 Caravan
39:54 Town Patrol
40:26 Ring Archer Armor
42:15 Treadmill Crane
43:14 Architecture
43:48 Elite Skirmisher
48:14 Hoardings
49:36 Coinage
54:26 Murder Holes
Hartung
3:00 Loom
9:58 Feudal Age
10:39 Double-Bit Axe
14:17 Fletching
16:51 Padded Archer Armor
23:24 Castle Age
23:28 Crossbowman
24:05 Bodkin Arrow
28:08 Leather Archer Armor
30:25 Gold Mining
33:20 Ballistics
38:38 Wheelbarrow
40:42 Imperial Age
38:58 Caravan
39:09 Thumb Ring
40:45 Arbalester
42:27 Chemistry
42:04 Coinage
42:28 Bracer
42:59 Ring Archer Armor
43:07 Bow Saw
43:43 Elite Skirmisher
49:37 Conscription
Mihail
6:42 Loom
9:09 Feudal Age
12:31 Town Watch
15:27 Double-Bit Axe
15:45 Fletching
20:42 Castle Age
20:49 Castle Age
19:00 Horse Collar
21:12 Crossbowman
21:49 Bodkin Arrow
26:50 Bow Saw
26:41 Heavy Plow
27:57 Wheelbarrow
27:55 Gold Mining
30:26 Hand Cart
34:57 Imperial Age
33:44 Treadmill Crane
34:40 Bloodlines
34:30 Husbandry
34:36 Scale Barding Armor
34:41 Forging
35:32 Caravan
36:16 Fortified Wall
37:31 Chain Barding Armor
38:57 Conscription
40:14 Plate Barding Armor
40:08 Heavy Camel Rider
41:42 Elite Mameluke
41:54 Light Cavalry
43:13 Iron Casting
44:40 Ballistics
45:22 Chemistry
51:02 Hoardings
Schrödinger
7:10 Loom
9:17 Feudal Age
9:46 Double-Bit Axe
10:45 Horse Collar
14:37 Fletching
22:18 Castle Age
20:32 Scale Mail Armor
20:43 Gold Mining
21:39 Forging
23:22 Chain Mail Armor
27:15 Iron Casting
36:23 Wheelbarrow
36:03 Heavy Plow
36:16 Bow Saw
38:04 Hand Cart
38:45 Bloodlines
41:54 Imperial Age
40:16 Scale Barding Armor
40:58 Gold Shaft Mining
40:14 Stone Mining
40:18 Town Watch
41:03 Bloodlines
41:47 Husbandry
42:11 Chain Barding Armor
42:08 Cavalier
43:32 Plate Barding Armor
43:57 Hauberk
44:28 Hoardings
44:47 Plate Mail Armor
45:19 Blast Furnace
45:29 Town Patrol
46:01 Crop Rotation
46:07 Stone Shaft Mining
46:35 Light Cavalry
47:19 Bodkin Arrow
49:13 Guilds
49:34 Coinage
49:04 Caravan
49:55 Bracer
51:06 Padded Archer Armor
Tudorica
11:24 Feudal Age
16:32 Castle Age
14:37 Double-Bit Axe
15:24 Loom
18:24 Bow Saw
17:57 Horse Collar
20:28 Heavy Plow
24:33 Gold Mining
28:39 Imperial Age
26:45 Wheelbarrow
25:55 Town Watch
27:45 Gold Shaft Mining
27:00 Stone Mining
27:09 Stone Mining
28:03 Ballistics
28:05 Scale Barding Armor
29:04 Husbandry
29:14 Bloodlines
29:07 Padded Archer Armor
29:50 Conscription
30:07 Crop Rotation
31:25 Chemistry
30:31 Siege Engineers
31:31 Hand Cart
31:16 Town Patrol
32:07 Chain Barding Armor
32:17 Town Patrol
33:13 Elite Ballista Elephant
34:48 Coinage
34:19 Caravan
35:29 Plate Barding Armor
35:18 Masonry
35:21 Forging
35:32 Leather Archer Armor
36:30 Banking
37:05 Iron Casting
35:53 Light Cavalry
38:22 Double Crossbow
40:42 Blast Furnace
39:43 Scale Mail Armor
45:37 Hoardings
48:33 Tusk Swords
48:28 Fletching
49:49 Bodkin Arrow
49:41 Hussar
Connection lost

Rejoining the realm…

Still unreachable

The connection could not be restored.

Session expired

The server has moved on; the page needs a fresh start.